 Dungeon Crawl Stone Soup version 0.16-a0-1183-g5b05a17 (webtiles) character file.

88 Kashira the Skirmisher (level 4, 0/24 HPs)
             Began as a Vine Stalker Fighter on Oct 10, 2014.
             Succumbed to a worker ant's poison
             ... on level 4 of the Dungeon.
             The game lasted 00:04:01 (360 turns).

Kashira the Skirmisher (Vine Stalker Fighter)        Turns: 360, Time: 00:04:01

Health: 0/24       AC:  6    Str: 19    XL:     4   Next: 54%
Magic:  5/5        EV:  6    Int:  9    God:
Gold:   52         SH:  9    Dex: 13    Spells: 0 memorised, 3 levels left

rFire  . . .     SeeInvis .     a - +0 war axe
rCold  . . .     Clarity  .     b - +0 scale mail
rNeg   . . .     SustAb   .     c - +0 shield
rPois  .         Gourm    .     (no helmet)
rElec  .         Spirit   +     (no cloak)
rCorr  .         Warding  .     (no gloves)
rMut   .         Stasis   .     (no boots)
MR     .....                    (no amulet)
Stlth  ..........               (no ring)
                                (no ring)

@: lethally poisoned, very slightly contaminated, hasted, very quick, not
resistant to hostile enchantments, extremely unstealthy
A: fangs 2, regeneration 1, spit poison 1, magic shield, antimagic bite, no
device heal 3, rot immunity
a: Spit Poison


You were on level 4 of the Dungeon.
You were not hungry.

You visited 1 branch of the dungeon, and saw 4 of its levels.

You collected 52 gold pieces.

Inventory:

Hand weapons
 a - a +0 war axe (weapon)
Missiles
 i - 5 javelins (quivered)
Armour
 b - a +0 scale mail (worn)
 c - a +0 shield (worn)
Comestibles
 d - a bread ration
Scrolls
 f - a scroll of recharging {unknown}
 g - a scroll of teleportation {unknown}
 j - a scroll of magic mapping {unknown}
 k - a scroll of remove curse {unknown}
 l - a scroll of enchant weapon {unknown}
 o - a scroll of blinking {unknown}
Potions
 e - a potion of might


   Skills:
 + Level 3.4 Fighting
 + Level 2.0 Axes
 + Level 2.8 Armour
 + Level 1.1 Dodging
 + Level 3.3 Shields


You had 3 spell levels left.
You didn't know any spells.

Dungeon Overview and Level Annotations

Branches:
Dungeon (4/15)
 Temple: D:4-7

Altars:
Vehumet

Annotations:
D:4 Ijyb


Innate Abilities, Weirdness & Mutations

You have extremely sharp teeth.
Your natural rate of healing is unusually fast.
When hurt, damage is shared between your health and your magic reserves.
Your bite disrupts and absorbs the magic of your enemies.
Potions and wands cannot restore your health.
You are immune to rotting.
You can spit poison.


Message History

You feel sick.
* * * LOW HITPOINT WARNING * * *
You feel sick.
* * * LOW HITPOINT WARNING * * *
You feel sick.
You have got your breath back.
* * * LOW HITPOINT WARNING * * *
You feel sick.
* * * LOW HITPOINT WARNING * * *
You feel sick.
* * * LOW HITPOINT WARNING * * *
You feel sick.
Found 9 gold pieces.
* * * LOW HITPOINT WARNING * * *
You feel sick.
Found a stone staircase leading up.
Ijyb the Twisted Goblin comes into view.
He is wielding a club.
Ijyb shouts!
Found a stone staircase leading down.
You die...

### .>.. . ##..# ...
<...# # ..g#...#.# .
#.#$..#.# ..
#.......#.# .. #
#.........# #.## .#
#@# #..##)## #.#
#....!. #.# ....
#.##########.#####
#.....S.....%...l.
#.........#####.####
#.#######.# #..# #.
#.# ##.## # #.# #..#


You could see Ijyb.

Vanquished Creatures
  2 worker ants (D:4)
  2 adders
  An ooze (D:2)
  A giant cockroach (D:1)
  2 hobgoblins (D:1)
  7 jackals
  2 kobolds
  2 bats (D:1)
  A giant gecko (D:1)
  A goblin (D:3)
  2 rats (D:2)
23 creatures vanquished.

Notes
Turn   | Place    | Note
--------------------------------------------------------------
     0 | D:1      | Kashira, the Vine Stalker Fighter, began the quest for the Orb.
     0 | D:1      | Reached XP level 1. HP: 11/11 MP: 1/1
   167 | D:2      | Reached XP level 2. HP: 16/16 MP: 3/3
   170 | D:2      | Reached skill level 3 in Fighting
   214 | D:2      | Reached XP level 3. HP: 18/20 MP: 2/4
   289 | D:3      | Found a radiant altar of Vehumet.
   326 | D:4      | Reached skill level 1 in Dodging
   326 | D:4      | Reached XP level 4. HP: 22/24 MP: 3/5
   343 | D:4      | Gained mutation: You can spit poison. [potion of beneficial mutation]
   355 | D:4      | HP: 1/24 [poisoned by a worker ant]
   359 | D:4      | Noticed Ijyb
   360 | D:4      | Succumbed to a worker ant's poison

Action                   |  1- 3 |  4- 6 || total
-------------------------+-------+-------++-------
Melee: War axe           |    73 |     3 ||    76
 Abil: Spit Poison       |       |     1 ||     1
  Use: Potion            |       |     3 ||     3
